 Dungeon Crawl Stone Soup version 0.29.0-4-gdea44cf6ec (webtiles) character file.

Game seed: 521149827561713691

49 qw the Sneak (level 3, -5/23 HPs)
             Began as a Gargoyle Delver on Sept 10, 2022.
             Slain by Terence
             ... wielding a +0 falchion
              (6 damage)
             ... on level 2 of the Dungeon.
             The game lasted 00:00:52 (1379 turns).

qw the Sneak (Gargoyle Delver)                      Turns: 1379, Time: 00:00:53

Health: -5/23      AC:  6    Str: 17    XL:     3   Next: 75%
Magic:  3/3        EV: 11    Int: 10    God:
Gold:   37         SH:  0    Dex: 11    Spells: 2/2 levels left

rFire   . . .      SeeInvis +   Y - +0 hand axe
rCold   . . .      Faith    .   (no shield)
rNeg    + . .      Spirit   .   b - +0 leather armour
rPois   inf        Reflect  .   (no helmet)
rElec   +          Harm     .   (no cloak)
rCorr   .          Rampage  .   (no gloves)
Will    .....                   (no boots)
Stlth   +++.......              (no amulet)
HPRegen 0.07/turn               k - ring of see invisible
MPRegen 0.08/turn               (no ring)

@: no status effects
A: sickness immunity, AC +3, negative energy resistance 1, electricity
resistance, torment resistance 1, petrification resistance
a: no special abilities


You were on level 2 of the Dungeon.
You visited 1 branch of the dungeon, and saw 5 of its levels.

You collected 37 gold pieces.


Innate Abilities, Weirdness & Mutations

You are immune to sickness and miasma.
Your stone body is resilient. (AC +3)
You are immune to poison.
You resist negative energy. (rN+)
You are resistant to electric shocks. (rElec)
You are resistant to unholy torment.
You are immune to petrification.


   Skills:
 - Level 3.2 Fighting
 + Level 3.6 Axes
 - Level 1.5 Dodging
 - Level 5.4 Stealth


You had 2 spell levels left.
You didn't know any spells.
Your spell library was empty.

Inventory:

Hand Weapons
 i - a +0 whip
 Y - a +0 hand axe (weapon)
Armour
 b - a +0 leather armour (worn)
 d - a +0 plate armour
Jewellery
 k - a ring of see invisible (left hand)
Wands
 g - a wand of digging (3)
Scrolls
 j - 2 scrolls of enchant armour
Potions
 a - a potion of might {unknown}
 c - a potion of heal wounds {unknown}
 f - a potion of haste
 h - a potion of curing {unknown}
 l - a potion of attraction {unknown}

Dungeon Overview and Level Annotations

Branches:
Dungeon (5/15)
 Temple: D:4-7

Altars:
Sif Muna

Annotations:
D:2 Terence


Message History

You hit Terence.
Terence is moderately wounded.
Terence closely misses you.
You barely miss Terence.
Terence is moderately wounded.
Terence hits you but does no damage.
You hit Terence.
Terence is heavily wounded.
Terence barely misses you. Terence hits you with a +0 falchion!
You closely miss Terence.
Terence is heavily wounded.
Terence closely misses you.
You hit Terence.
Terence is heavily wounded.
Terence barely misses you.
You barely miss Terence.
Terence is heavily wounded.
Terence hits you with a +0 falchion.
You hit Terence.
Terence is severely wounded.
Terence barely misses you.
You barely miss Terence.
Terence is severely wounded.
Terence hits you with a +0 falchion.
You hit Terence.
Terence is severely wounded.
Terence hits you with a +0 falchion.
You hit Terence.
Terence is almost dead.
Terence hits you with a +0 falchion.
You barely miss Terence.
Terence is almost dead.
Terence misses you. Terence barely misses you.
You hit Terence but do no damage.
Terence is almost dead.
Terence hits you but does no damage.
You hit Terence but do no damage.
Terence is almost dead.
Terence hits you with a +0 falchion.
You die...

#######
#.....##
#.##...#
#.##@..#
##.##@/.#
#..##...#
##.##.....#
#..# ......#
#.##.......#
#.# ...~..~~
#%#~~~~~~~~~#
#.#


You could see Terence.

Vanquished Creatures
  2 dart slugs (D:1)
  A ball python (D:1)
  6 bats (D:1)
  6 endoplasms
  A giant cockroach (D:1)
  2 goblins
  6 hobgoblins
  4 kobolds
  A quokka (D:1)
  7 frilled lizards
  4 rats (D:1)
40 creatures vanquished.

Notes
Turn   | Place    | Note
-------+----------+-------------------------------------------
     0 | D:5      | qw the Gargoyle Delver began the quest for the Orb.
     0 | D:5      | Reached XP level 1. HP: 14/14 MP: 1/1
     0 | D:5      | 0 ||| qw: Version: 0.1-a-116-g5d60599
     0 | D:5      | 0 ||| qw: Game counter: 7986
     0 | D:5      | 0 ||| qw: Always use a shield: true
     0 | D:5      | 0 ||| qw: God list: Okawaru
     0 | D:5      | 0 ||| qw: Allow faded altars: false
     0 | D:5      | 0 ||| qw: Do Orc after D:15 true
     0 | D:5      | 0 ||| qw: Do second Lair branch before Depths: true
     0 | D:5      | 0 ||| qw: Lair rune preference: random
     0 | D:5      | 0 ||| qw: Plans: Normal
     0 | D:5      | 0 ||| PLANNING D:1-11
     1 | D:5      | 1 ||| DROPPING scroll of fog.
     2 | D:5      | 2 ||| DROPPING scroll of magic mapping.
     3 | D:5      | 3 ||| DROPPING scroll of fear.
    79 | D:3      | 79 ||| Stepping ~*~*~tactically~*~*~ (stealth).
    92 | D:3      | 92 ||| FLEEEEING.
    93 | D:3      | 93 ||| STAIRDANCE
    94 | D:2      | Found a shimmering blue altar of Sif Muna.
    96 | D:2      | 96 ||| Stepping ~*~*~tactically~*~*~ (stealth).
   117 | D:2      | Reached XP level 2. HP: 14/19 MP: 2/2
   223 | D:1      | 223 ||| Stepping ~*~*~tactically~*~*~ (hiding).
   224 | D:1      | 224 ||| Stepping ~*~*~tactically~*~*~ (hiding).
   334 | D:1      | Reached skill level 3 in Axes
   445 | D:1      | Reached XP level 3. HP: 23/23 MP: 3/3
  1244 | D:1      | 1244 ||| Stepping ~*~*~tactically~*~*~ (stealth).
  1245 | D:1      | 1245 ||| Stepping ~*~*~tactically~*~*~ (stealth).
  1267 | D:1      | 1267 ||| UPGRADING to ring of see invisible.
  1268 | D:1      | 1268 ||| READING 2 scrolls labelled MUISSOXERO.
  1269 | D:1      | 1269 ||| READING scroll labelled LEOLEA WAZOEV.
  1270 | D:1      | 1270 ||| READING 3 scrolls labelled XEFOINE BAZUCW.
  1271 | D:1      | 1271 ||| DROPPING scroll of noise.
  1349 | D:2      | Noticed Terence
  1375 | D:2      | HP: 4/23 [Terence/+0 falchion (3)]
  1376 | D:2      | HP: 1/23 [Terence/+0 falchion (3)]
  1379 | D:2      | Slain by Terence

Levels and vault maps discovered:
D:1:      co_arrival_square_in_a_square_in_a_square, layout_basic
D:2:      cheibrodos_greedy_goblins, layout_basic, basic_altar, st_stairs_2,
          minmay_door_square, nicolae_underground_beach, uniq_terence
D:3:      layout_basic, st_stairs_4, chequers_serial_rivers_room_a,
          minmay_misc_feat_x
D:4:      layout_loops_ring, minmay_misc_feat_four_crosses
D:5:      layout_rooms, lemuel_zombie_altar_kikubaaqudgha, temple_fountains,
          nicolae_elevator_lobby_asterisk

Skill      XL: |  1  2 |
---------------+-------+-----
Axes           | 2 3 |  3.6
Fighting       | |  3.2
Dodging        | |  1.5
Stealth        | |  5.4

Action                   || total
-------------------------++-------
Melee: Hand axe          ||   109
       Punch             ||     1
  Use: Scroll            ||     3
 Stab: Sleeping          ||     1
Armor: Leather armour    ||    35
Dodge: Dodged            ||    60

Table legend:
 A = Non-vault XP
 B = Vault XP
 C = Vault XP percentage of total XP
 D = Non-vault monster count
 E = Vault monster count
 F = Vault count percentage of total count
                 A         B        C        D         E       F
            +---------+---------+-------+---------+---------+-------
      Total |      62 |       8 |  11.4 |      35 |       5 |  12.5
            +---------+---------+-------+---------+---------+-------
        D:1 |      52 |       0 |   0.0 |      29 |       0 |   0.0
        D:2 |       6 |       5 |  45.5 |       4 |       3 |  42.9
        D:3 |       2 |       3 |  60.0 |       1 |       2 |  66.7
        D:4 |       2 |       0 |   0.0 |       1 |       0 |   0.0
            +---------+---------+-------+---------+---------+-------
